[Event "*** Titled Tuesday Blitz"]
[Site "Chess.com"]
[Date "2020.10.20"]
[Round "6"]
[White "kiborg1987"]
[Black "KaterynaLagno"]
[Result "0-1"]
[WhiteElo "2808"]
[BlackElo "2701"]
[TimeControl "180+1"]
[EndTime "11:07:46 PDT"]
[Termination "KaterynaLagno won by resignation"]

1. e4 e5 2. Nf3 Nc6 3. c3 Nf6 4. d3 d5 5. Nbd2 Bc5 6. Be2 a5 7. O-O O-O 8. a4 Re8 9. exd5 Nxd5 10.
Nc4 h6 11. Be3 Nxe3 12. fxe3 e4 13. dxe4 Qxd1 14. Raxd1 Rxe4 15. Nd4 Be6 16. Bd3 Bxc4 17. Bxc4 Ne5 18. Bd5 Rxe3 19. Bxb7 Rb8 20. Bd5 Rxb2 21. Kh1 Rxc3 22. Nb5 Rd3 23. Nxc7 Rxd1 24. Rxd1 Nd3 25.
Rf1 Nf2+ 26. Kg1 Bb6 27. Nb5 Rd2 28. Bb3 Rb2 29. Bd5 Ng4+ 30. Kh1 Ne3 31. Bxf7+ Kf8 0-1

[Event "*** Titled Tuesday Blitz"]
[Site "Chess.com"]
[Date "2020.10.20"]
[Round "6"]
[White "Manukyan_Artak"]
[Black "Korchmar_Vasiliy"]
[Result "0-1"]
[WhiteElo "2418"]
[BlackElo "2606"]
[TimeControl "180+1"]
[EndTime "11:07:49 PDT"]
[Termination "Korchmar_Vasiliy won by resignation"]

1. e4 c5 2. Nf3 d6 3. Bb5+ Bd7 4. Bxd7+ Qxd7 5. c4 Nf6 6. Nc3 g6 7. O-O Nc6 8. d4 cxd4 9. Nxd4 Bg7 10. Nxc6 bxc6 11. Bg5 O-O 12. Qd2 Qe6 13. Bxf6 Bxf6 14. Qd3 Rfb8 15. b3 a5 16. Rae1 Qe5 17. Na4 c5 18. f4 Qd4+ 19. Qxd4 Bxd4+ 20. Kh1 Rb4 21. e5 dxe5 22. fxe5 Ra6 23. Re2 Re6 24. Rfe1 g5 25. g4 Kg7 26. Kg2 Rb8 27. Kf3 Rh8 28. Kg3 h5 29. h3 hxg4 30. hxg4 Reh6 31. Kf3 Rh3+ 32. Ke4 Rg3 33. Kf5 Rf3+ 34. Kxg5 f6+ 0-1

[Event "*** Titled Tuesday Blitz"]
[Site "Chess.com"]
[Date "2020.10.20"]
[Round "6"]
[White "ehrenfeld"]
[Black "chessmachine14"]
[Result "1-0"]
[WhiteElo "2492"]
[BlackElo "2335"]
[TimeControl "180+1"]
[EndTime "11:07:50 PDT"]
[Termination "ehrenfeld won by resignation"]

1. e4 c5 2. Nc3 Nc6 3. Bb5 Qc7 4. Nf3 a6 5. Bxc6 Qxc6 6. d4 cxd4 7. Qxd4 d6 8. O-O e5 9. Qd3 Nf6 10. Bg5 Be6 11.
Bxf6 gxf6 12. Nd5 Bxd5 13. exd5 Qd7 14. Nh4 Qg4 15. Nf5 h5 16. c4 h4 17. h3 Qg5 18. f4 Qg6 19. fxe5 fxe5 20. Rae1 O-O-O 21. Re2 Bh6 22. Ne7+ Kb8 23. Nxg6 fxg6 24. Rf7 Rdf8 25.
Ref2 Bf4 26. Rxf8+ Rxf8 27. Kf1 g5 28. Qg6 Rd8 29. Ke2 Kc7 30. Kd3 Kb6 31. b4 a5 32.
bxa5+ Kxa5 33. Rb2 b6 34. Qf7 Ka6 35. Qc7 1-0

[Event "*** Titled Tuesday Blitz"]
[Site "Chess.com"]
[Date "2020.10.20"]
[Round "6"]
[White "aisha_zakirova"]
[Black "OsorioFernando"]
[Result "1-0"]
[WhiteElo "2172"]
[BlackElo "2272"]
[TimeControl "180+1"]
[EndTime "11:07:50 PDT"]
[Termination "aisha_zakirova won by resignation"]

1. d4 f5 2. e4 fxe4 3. Nc3 Nf6 4. Bg5 Nc6 5. d5 Ne5 6. Bxf6 exf6 7. Nxe4 f5 8. Nc3 g6 9. Nf3 Nf7 10. Qd4 Bh6 11.
Bc4 Qe7+ 12. Be2 O-O 13. O-O Nd6 14. Rfe1 Bg7 15. Qd2 h6 16. Bd3 Qf6 17. Ne5 Nf7 18. Nxf7 Qxf7 19. d6 cxd6 20. Bb5 b6 21. Nd5 Bb7 22.
Bc4 Kh8 23. Re7 Qg8 24. Nf6 Qxc4 25. Qxh6+ 1-0

[Event "*** Titled Tuesday Blitz"]
[Site "Chess.com"]
[Date "2020.10.20"]
[Round "6"]
[White "barriochess"]
[Black "GameOverBro"]
[Result "1-0"]
[WhiteElo "2309"]
[BlackElo "2521"]
[TimeControl "180+1"]
[EndTime "11:07:52 PDT"]
[Termination "barriochess won by resignation"]

1. d4 d6 2. Nf3 Nf6 3. c4 Nbd7 4. Nc3 e5 5. e4 Be7 6. Be2 O-O 7. O-O c6 8. Re1 a5 9. d5 Nc5 10. Bf1 cxd5 11. cxd5 Bd7 12. b3 Rc8 13. Bb2 Qb6 14.
Rb1 Rc7 15. Nd2 Rfc8 16. Nc4 Qa7 17. a4 Na6 18. h3 Nb4 19. Rc1 Rc5 20. Qd2 h6 21. g3 Ne8 22. Kh2 Bg5 23. f4 Bf6 24. Na3 exf4 25. gxf4 Bxc3 26. Bxc3 Na2 27. Bd4 Nxc1 28.
Rxc1 b6 29. Bxc5 bxc5 30. Bb5 Nf6 31. e5 Ne8 32. Re1 Bxb5 33. Nxb5 Qe7 34. exd6 Qd7 35. Re7 Qf5 36. d7 Rb8 37. dxe8=Q+ Rxe8 38. Rxe8+ Kh7 39. Re5 Qxf4+ 40. Qxf4 1-0

[Event "*** Titled Tuesday Blitz"]
[Site "Chess.com"]
[Date "2020.10.20"]
[Round "6"]
[White "Agoking701"]
[Black "Semetey"]
[Result "0-1"]
[WhiteElo "2341"]
[BlackElo "2517"]
[TimeControl "180+1"]
[EndTime "11:07:54 PDT"]
[Termination "Semetey won by checkmate"]

1. d4 Nf6 2. c4 g6 3. Nc3 d5 4. cxd5 Nxd5 5. e4 Nxc3 6. bxc3 Bg7 7.
Bc4 O-O 8. Ne2 c5 9. Be3 Nc6 10. O-O Qc7 11. Rc1 b6 12. d5 Ne5 13. Bd3 e6 14. c4 f5 15. exf5 exd5 16. cxd5 Nxd3 17. Qxd3 Bxf5 18. Qc4 Rad8 19. Rcd1 Be5 20. Ng3 Bd6 21. Kh1 Qb8 22. Bg5 Rde8 23. Rde1 b5 24. Qh4 Bd3 25.
Rxe8 Qxe8 26. Rd1 Rxf2 27. Nh5 Qe2 28. Rg1 gxh5 29. Bh6 Rf1 30. Qg5+ Bg6 31. Qd8+ Bf8 32. Qh4 Bxh6 33. Qd8+ Bf8 34. Qh4 Rxg1+ 35. Kxg1 Qe3+ 36. Kf1 Bd3# 0-1

[Event "*** Titled Tuesday Blitz"]
[Site "Chess.com"]
[Date "2020.10.20"]
[Round "6"]
[White "Heineccius"]
[Black "GAusal"]
[Result "1-0"]
[WhiteElo "2528"]
[BlackElo "2047"]
[TimeControl "180+1"]
[EndTime "11:07:56 PDT"]
[Termination "Heineccius won by resignation"]

1. d4 d5 2. c4 c6 3. Nf3 Nf6 4.
e3 Bg4 5. Nc3 e6 6. h3 Bxf3 7.
Qxf3 Be7 8. Bd3 Nbd7 9. cxd5 exd5 10. g4 h6 11. Bd2 Bd6 12. h4 Qe7 13. g5 hxg5 14.
hxg5 Rxh1+ 15. Qxh1 Ne4 16. Nxe4 dxe4 17. Qxe4 O-O-O 18. Qxe7 Bxe7 19. f4 c5 20. Bc3 Nb6 21. Bf5+ Kc7 22.
Rc1 Kb8 23. dxc5 Bxc5 24. Be5+ Bd6 25. Bxg7 Re8 26. Kf2 a6 27. Bd4 Nd5 28. Kf3 b5 29. Be4 Nb4 30. a3 Re5 1-0

[Event "*** Titled Tuesday Blitz"]
[Site "Chess.com"]
[Date "2020.10.20"]
[Round "6"]
[White "Gerodot71"]
[Black "Meri-Arabidze"]
[Result "0-1"]
[WhiteElo "2454"]
[BlackElo "2643"]
[TimeControl "180+1"]
[EndTime "11:07:57 PDT"]
[Termination "Meri-Arabidze won by checkmate"]

1. d4 f5 2. Nc3 Nf6 3. Nf3 e6 4.
Bf4 b6 5. e3 Bb7 6. Be2 Be7 7.
Qd2 O-O 8. O-O-O Ne4 9. Nxe4 fxe4 10. Ne1 d6 11. Bg3 Nd7 12. f3 Nf6 13. Kb1 a5 14. Bf2 Kh8 15. f4 a4 16. g4 a3 17. b3 c5 18. g5 Nd5 19. c4 Nb4 20.
Nc2 Nd3 21. Bg3 d5 22. Bxd3 exd3 23. Qxd3 dxc4 24. Qxc4 Bxh1 25. Rxh1 cxd4 26. Nxd4 Rc8 27. Qxe6 Bc5 28. Rd1 Bxd4 29. Rxd4 Qc7 30. Rc4 Qb7 31. e4 Rxc4 32. Qxc4 Rc8 33. Qd3 Qc6 34. Qc4 Qe8 35. Qd3 Rd8 36. Qe2 Qc6 37. f5 Qc3 38. Be1 Rd1+ 39. Qxd1 Qb2# 0-1

[Event "*** Titled Tuesday Blitz"]
[Site "Chess.com"]
[Date "2020.10.20"]
[Round "6"]
[White "barbara25"]
[Black "Xeniya2005"]
[Result "1-0"]
[WhiteElo "2287"]
[BlackElo "2398"]
[TimeControl "180+1"]
[EndTime "11:07:58 PDT"]
[Termination "barbara25 won by resignation"]

1. e4 e6 2. d4 d5 3. Bd3 dxe4 4. Bxe4 Nf6 5. Bf3 Be7 6. Ne2 O-O 7. O-O c6 8. c4 Qc7 9. Nbc3 b6 10. g3 Bb7 11.
Bf4 Bd6 12. Bxd6 Qxd6 13. Qc2 Nbd7 14. Rad1 Qe7 15. Bg2 Rac8 16. Rfe1 Rfd8 17. Nf4 Ba8 18. b3 Qd6 19. Qe2 Re8 20. Qc2 Qc7 21. b4 e5 22.
dxe5 Nxe5 23. Ne4 Nxe4 24. Bxe4 h6 25. c5 Bb7 26. Rd6 Nf3+ 27. Bxf3 Rxe1+ 28. Kg2 Re7 29. Qd3 Rce8 30. Bd1 bxc5 31. bxc5 Qa5 32. Bc2 Re4 33. Qb3 R4e7 34. Qd3 Re4 35. Qb3 Qc7 36. Bxe4 Rxe4 37.
Qd3 Re7 38. Rd8+ 1-0

[Event "*** Titled Tuesday Blitz"]
[Site "Chess.com"]
[Date "2020.10.20"]
[Round "6"]
[White "pedro_nascimento85"]
[Black "VladimirBugayev"]
[Result "1-0"]
[WhiteElo "2012"]
[BlackElo "2303"]
[TimeControl "180+1"]
[EndTime "11:07:59 PDT"]
[Termination "pedro_nascimento85 won on time"]

1. d4 Nf6 2. c4 c5 3. d5 b5 4. Qc2 d6 5. e4 bxc4 6. Bxc4 g6 7. Nc3 Bg7 8. Bf4 O-O 9. Nf3 Nbd7 10. h3 Rb8 11. O-O Rb4 12. Nd2 Nh5 13. Bh2 Ne5 14.
Be2 f5 15. Bxh5 gxh5 16. exf5 Bxf5 17. Nde4 e6 18. f3 exd5 19. Nxd5 Rc4 20. Qb3 Rd4 21. Ne3+ Kh8 22. Nxf5 Rxf5 23. Rad1 Qh4 24. Qe6 Rf6 25. Qe8+ Rf8 26. Qe6 Rxd1 27. Rxd1 Bf6 28. Nxd6 1-0

[Event "*** Titled Tuesday Blitz"]
[Site "Chess.com"]
[Date "2020.10.20"]
[Round "6"]
[White "Ranindu2003"]
[Black "Rubinstein_Akiba"]
[Result "1-0"]
[WhiteElo "2552"]
[BlackElo "2377"]
[TimeControl "180+1"]
[EndTime "11:08:00 PDT"]
[Termination "Ranindu2003 won by checkmate"]

1. e4 c5 2. Nf3 d6 3. d4 cxd4 4. Nxd4 Nf6 5. Nc3 a6 6. h3 e5 7.
Nb3 h5 8. Bg5 Be6 9. Qd2 Nbd7 10. Be2 Be7 11. O-O b5 12. a3 Rc8 13. f4 exf4 14.
Bxf4 Ne5 15. Nd4 Qb6 16. Kh1 O-O 17. Nxe6 fxe6 18. Bxe5 dxe5 19. Qg5 Qc5 20. Qg6 h4 21. Bg4 Qc4 22. Be2 Qc5 23. Rfd1 Rfd8 24. Rf1 Rd2 25. Bd3 Rf8 26. Rf3 Rf2 27. Rf1 Rxf1+ 28. Rxf1 b4 29. axb4 Qxb4 30. Nd1 a5 31. b3 Qd6 32.
Ne3 Qc7 33. Bc4 Qd7 34. Nf5 Ne8 35. Bxe6+ Qxe6 36. Qxe6+ Kh8 37. Qxe7 Rg8 38. Qxh4# 1-0

[Event "*** Titled Tuesday Blitz"]
[Site "Chess.com"]
[Date "2020.10.20"]
[Round "6"]
[White "albi1999"]
[Black "Zmeeed63"]
[Result "1-0"]
[WhiteElo "2592"]
[BlackElo "2352"]
[TimeControl "180+1"]
[EndTime "11:08:00 PDT"]
[Termination "albi1999 won by resignation"]

1. d4 Nf6 2. c4 e6 3. Nf3 c5 4. d5 exd5 5. cxd5 d6 6. Nc3 g6 7. Nd2 Bg7 8. e4 a6 9. a4 O-O 10. Be2 Nbd7 11. O-O Re8 12. h3 Rb8 13. Re1 Qc7 14. Qc2 Nh5 15. Bxh5 gxh5 16. f4 b5 17. axb5 axb5 18. e5 dxe5 19. Nf3 b4 20. Ne4 Bb7 21.
Neg5 h6 22. Qh7+ Kf8 23. Nxf7 Kxf7 24. fxe5 Bxd5 25. Bxh6 Ke7 26. e6 Bxe6 27. Qxg7+ Kd8 28. Rad1 Kc8 29. Rxe6 Rxe6 30. Qg8+ Kb7 31. Qxe6 1-0

[Event "*** Titled Tuesday Blitz"]
[Site "Chess.com"]
[Date "2020.10.20"]
[Round "6"]
[White "BlackBoarder"]
[Black "AttractiveMustard"]
[Result "1-0"]
[WhiteElo "2587"]
[BlackElo "2352"]
[TimeControl "180+1"]
[EndTime "11:08:00 PDT"]
[Termination "BlackBoarder won by resignation"]

1. e4 e5 2. Nf3 Nc6 3. d4 exd4 4.
Bc4 Nf6 5. O-O Nxe4 6. Re1 d5 7. Bxd5 Qxd5 8. Nc3 Qd8 9. Nxe4 Be7 10. Bg5 f6 11.
Bxf6 gxf6 12. Nxf6+ Kf7 13. Nh5 Qd5 14. Nf4 Qd6 15.
Nd3 Bf6 16. Nd2 Qd5 17. Ne4 Rg8 18. Qf3 Qf5 19. Nf4 Ne5 20. Qb3+ Kg7 21. Nxf6 Qxf6 22. Nh5+ 1-0

[Event "*** Titled Tuesday Blitz"]
[Site "Chess.com"]
[Date "2020.10.20"]
[Round "6"]
[White "zurzan"]
[Black "Klavdia_Nik"]
[Result "1-0"]
[WhiteElo "2005"]
[BlackElo "2061"]
[TimeControl "180+1"]
[EndTime "11:08:00 PDT"]
[Termination "zurzan won on time"]

1. f4 Nf6 2. Nf3 c5 3. g3 b6 4.
Bg2 Bb7 5. O-O g6 6. d3 d5 7. e4 dxe4 8. dxe4 Qxd1 9. Rxd1 Bxe4 10. Na3 Na6 11. c3 Bg7 12. h3 O-O 13. Be3 Nc7 14. Nc4 Nfd5 15. Bf2 Rad8 16. Nce5 Nf6 17. g4 h6 18.
Rac1 Ne6 19. Bg3 g5 20. fxg5 hxg5 21. Rxd8 Rxd8 22. Re1 Bb7 23. Nxf7 Kxf7 24. Ne5+ Kg8 25. Bxb7 Rd2 26. Nc4 Rd7 27. Bc6 Nf4 28. Bxd7 Nxd7 29.
Bxf4 gxf4 30. Rxe7 Nf6 31. Rxa7 Nd5 32. Ra8+ Kh7 33.
Nd6 Ne3 34. Nf5 1-0

[Event "*** Titled Tuesday Blitz"]
[Site "Chess.com"]
[Date "2020.10.20"]
[Round "6"]
[White "GiantThresher"]
[Black "ScarpaChess"]
[Result "1-0"]
[WhiteElo "2829"]
[BlackElo "2499"]
[TimeControl "180+1"]
[EndTime "11:08:01 PDT"]
[Termination "GiantThresher won by resignation"]

1. e4 c5 2. Nf3 d6 3. Bb5+ Nc6 4. O-O Bd7 5. Re1 a6 6. Bxc6 Bxc6 7. d4 cxd4 8. Nxd4 Rc8 9. Nc3 e6 10. Nd5 Ne7 11. c4 exd5 12. exd5 Bd7 13. Bg5 h6 14. Qh5 Rxc4 15. Re4 Qb6 16. Bxe7 Bxe7 17. Rxe7+ Kxe7 18. Qe2+ Kf8 19. Qxc4 g6 20. Qc3 Kg8 21. Re1 Qc5 22.
Re7 Qxc3 23. bxc3 Bc8 24. Nb3 Kg7 25. Na5 Kf6 26. Rc7 Re8 27. Kf1 Bf5 28. h3 Bd3+ 29. Kg1 b6 30. Nb7 Re1+ 31. Kh2 Re2 32. Nxd6 Rxf2 33.
Rxf7+ 1-0

[Event "*** Titled Tuesday Blitz"]
[Site "Chess.com"]
[Date "2020.10.20"]
[Round "6"]
[White "Kurai"]
[Black "AndrewDGreen"]
[Result "1-0"]
[WhiteElo "2590"]
[BlackElo "2400"]
[TimeControl "180+1"]
[EndTime "11:08:03 PDT"]
[Termination "Kurai won by resignation"]

1. d4 Nf6 2. c4 g6 3. Nc3 Bg7 4. e4 d6 5. Nf3 O-O 6. Be2 e5 7. O-O exd4 8. Nxd4 Re8 9. Bf3 Nfd7 10. Be3 a5 11. Qc2 Na6 12. a3 Nac5 13. b4 axb4 14. axb4 Rxa1 15. Rxa1 Ne6 16. Ndb5 Ne5 17. Be2 Qf6 18. Ra3 Nc6 19. Nd5 Qd8 20. Qd2 Bd7 21. h3 Ne7 22. Ra7 Bc6 23. Bg4 Nc8 24. Ra8 Bxb5 25.
cxb5 c6 26. bxc6 bxc6 27. Bxe6 cxd5 28. Rxc8 Qe7 29. Rxe8+ Qxe8 30. Bxd5 Qa4 31. g3 h5 32. h4 Be5 33. Kg2 Qa1 34. Qa2 1-0

[Event "*** Titled Tuesday Blitz"]
[Site "Chess.com"]
[Date "2020.10.20"]
[Round "6"]
[White "UmbertoConcelli"]
[Black "joppie2"]
[Result "1-0"]
[WhiteElo "2724"]
[BlackElo "2856"]
[TimeControl "180+1"]
[EndTime "11:08:04 PDT"]
[Termination "UmbertoConcelli won by resignation"]

1. Nf3 b6 2. g3 Bb7 3. Bg2 g6 4. O-O Bg7 5. d4 Nf6 6. c4 O-O 7. b3 c5 8. Bb2 cxd4 9. Qxd4 d6 10. Nc3 Nbd7 11. Rad1 Rc8 12. Bh3 Rc5 13. Nd5 Bxd5 14.
cxd5 Rxd5 15. Qa4 Ra5 16. Qc4 Rxa2 17. Rd2 d5 18. Qh4 e6 19. Ng5 h6 20. Nxe6 fxe6 21. Bxe6+ Kh7 22. Rfd1 Nc5 23. Qh3 Nxe6 24. Qxe6 Re8 25.
Bxf6 Bxf6 26. Qf7+ Bg7 27. Rxa2 Re7 28. Qxd5 Qc7 29.
Qd6 Qb7 30. e3 h5 31. h4 Rf7 32. Qd5 Qe7 33. Rc2 Qf6 34. Kg2 Qe7 35. Rdd2 Qf6 36. Rc6 Qe7 37. Re6 Qc7 38. Qe4 Rf5 39. Rd5 Qf7 40. Rxf5 gxf5 41. Qd5 Qf8 42. e4 f4 43. Qxh5+ Kg8 44. Re8 1-0

[Event "*** Titled Tuesday Blitz"]
[Site "Chess.com"]
[Date "2020.10.20"]
[Round "6"]
[White "TrenerChos"]
[Black "Evachess2006"]
[Result "1-0"]
[WhiteElo "2188"]
[BlackElo "1636"]
[TimeControl "180+1"]
[EndTime "11:08:05 PDT"]
[Termination "TrenerChos won on time"]

1. d4 d5 2. Nf3 Nf6 3. g3 Bf5 4. Bg2 e6 5. c4 Be7 6. O-O dxc4 7. Nc3 Bg6 8. Ne5 c6 9. Nxc4 Nbd7 10. e4 O-O 11.
Be3 b5 12. Nd2 Nb6 13. a4 Nxa4 14. Nxa4 bxa4 15. Qxa4 Qc7 16. Rac1 Qd7 17. Qxc6 Qxc6 18. Rxc6 Rab8 19. b3 Bb4 20. Bf4 Rbc8 21. Rfc1 Rxc6 22.
Rxc6 Rd8 23. Nc4 Rxd4 24. Rc8+ Bf8 25. Bd6 Rd1+ 26. Bf1 Nd7 27. Rd8 Bxe4 28. Bxf8 Bd3 29. Bc5+ 1-0

[Event "*** Titled Tuesday Blitz"]
[Site "Chess.com"]
[Date "2020.10.20"]
[Round "6"]
[White "JoachimMouhamad"]
[Black "Eliwood44"]
[Result "0-1"]
[WhiteElo "2303"]
[BlackElo "2438"]
[TimeControl "180+1"]
[EndTime "11:08:07 PDT"]
[Termination "Eliwood44 won by resignation"]

1. e4 e5 2. Nf3 Nc6 3. d4 exd4 4.
Bc4 Nf6 5. e5 d5 6. Bb5 Ne4 7.
Nxd4 Bc5 8. Be3 O-O 9. Bxc6 bxc6 10. O-O Qe8 11. f3 Nd6 12. f4 f6 13. c3 fxe5 14.
fxe5 Rxf1+ 15. Qxf1 Qxe5 16. Bf4 Bxd4+ 17. cxd4 Qxd4+ 18. Kh1 Ba6 19. Qc1 Rf8 20. g3 Qe4+ 21. Kg1 g5 22.
Nc3 Qg6 23. Bxd6 Rf1+ 24. Qxf1 Bxf1 25. Bxc7 Bh3 26. Re1 Qc2 27. Ne2 Qe4 28. Kf2 d4 29. Rg1 Qe3+ 0-1

[Event "*** Titled Tuesday Blitz"]
[Site "Chess.com"]
[Date "2020.10.20"]
[Round "6"]
[White "platy3"]
[Black "As0nchess"]
[Result "1-0"]
[WhiteElo "2824"]
[BlackElo "2611"]
[TimeControl "180+1"]
[EndTime "11:08:08 PDT"]
[Termination "platy3 won by resignation"]

1. d4 Nf6 2. Nf3 d5 3. g3 e6 4. Bg2 b5 5. O-O Bb7 6. c3 Nbd7 7. a4 b4 8. a5 Rb8 9. Qa4 Ba6 10. Re1 Bb5 11. Qc2 c5 12. Bf4 Rc8 13. Qb3 cxd4 14.
cxd4 Be7 15. Nbd2 O-O 16. e3 a6 17. Bf1 Bxf1 18. Rxf1 Nb8 19. Qd3 Qd7 20. Bxb8 Rxb8 21. Qxa6 Ra8 22. Qd3 Ra7 23. Rfc1 Rfa8 24. Ne5 Qb7 25.
Nc6 Ra6 26. Nxe7+ Qxe7 27. Rc8+ Rxc8 28. Qxa6 Rb8 29. Qc6 h5 30. a6 Qa7 31. Nb3 Ne4 32.
Nc5 Nd2 33. Ra5 Nc4 34. Rb5 Rf8 35. Qb7 Qa8 36. Nd7 Rd8 37. Qxa8 Rxa8 38. b3 Nd2 39.
Rb8+ Rxb8 40. Nxb8 Nxb3 41. a7 Nd2 42. a8=Q 1-0

[Event "*** Titled Tuesday Blitz"]
[Site "Chess.com"]
[Date "2020.10.20"]
[Round "6"]
[White "Natalya_Buksa"]
[Black "MasterSonnevanck23"]
[Result "1-0"]
[WhiteElo "2557"]
[BlackElo "2345"]
[TimeControl "180+1"]
[EndTime "11:08:08 PDT"]
[Termination "Natalya_Buksa won by resignation"]

1. d4 Nf6 2. Nc3 d5 3. Bf4 e6 4. e3 Bb4 5. Bd3 c5 6. dxc5 Nbd7 7. Ne2 O-O 8. O-O e5 9. Bg5 h6 10. Nxd5 hxg5 11. Nxb4 a5 12. c3 axb4 13. cxb4 e4 14.
Bc2 Ne5 15. Ng3 Qxd1 16. Rfxd1 Bg4 17. Rd4 Nc6 18. Rd2 Nxb4 19. Bxe4 Nxe4 20. Nxe4 Rfd8 21. Rxd8+ Rxd8 22. a3 Nd3 23. b4 f6 24. h3 Be6 25.
Rd1 Rd7 26. Rb1 Ne5 27. Nc3 Nc4 28. a4 Rd3 29. Nb5 Nd2 30. Ra1 Rb3 31. Nd4 Rxb4 32. Nxe6 Ne4 33. f3 Nc3 34. a5 Nd5 35. e4 Ne3 36. c6 bxc6 37. a6 Rb2 38. a7 1-0

[Event "*** Titled Tuesday Blitz"]
[Site "Chess.com"]
[Date "2020.10.20"]
[Round "6"]
[White "MIJuanReyesRosa"]
[Black "Grineva_Marianna"]
[Result "0-1"]
[WhiteElo "2099"]
[BlackElo "2250"]
[TimeControl "180+1"]
[EndTime "11:08:08 PDT"]
[Termination "Grineva_Marianna won by checkmate"]

1. d4 f5 2. c4 Nf6 3. Nc3 d6 4. Bf4 g6 5. h3 Bg7 6. Nf3 O-O 7. e3 c6 8. Bh2 Qe8 9. Be2 Nbd7 10. Qc2 e5 11.
O-O e4 12. Nd2 Qe7 13. b4 Rd8 14. a4 Nf8 15. c5 d5 16. b5 g5 17. a5 Ng6 18.
Qb3 f4 19. Rfe1 Bh6 20. Bf1 Kh8 21.
a6 g4 22. axb7 Bxb7 23. bxc6 Bxc6 24. Nb5 gxh3 25. gxh3 fxe3 26. fxe3 Nh5 27. Kh1 Nh4 28. Be5+ Bg7 29. Bxg7+ Qxg7 30. Re2 Rg8 31. Ra2 Qg1# 0-1

[Event "*** Titled Tuesday Blitz"]
[Site "Chess.com"]
[Date "2020.10.20"]
[Round "6"]
[White "Anna_ChessMate"]
[Black "A-S-00"]
[Result "1-0"]
[WhiteElo "2539"]
[BlackElo "2300"]
[TimeControl "180+1"]
[EndTime "11:08:09 PDT"]
[Termination "Anna_ChessMate won by resignation"]

1. d4 d5 2. c4 c6 3. Nf3 Nf6 4. Nc3 dxc4 5. a4 Bf5 6. Ne5 Nbd7 7. Nxc4 Qc7 8. g3 e5 9. dxe5 Nxe5 10. Bf4 Nfd7 11. Bg2 O-O-O 12. O-O g5 13. Bxg5 Nxc4 14. Bxd8 Qxd8 15. Qd4 Nde5 16. Qf4 Be6 17. b3 Ng6 18. Qc1 Nd6 19. Rd1 Qc7 20. Qe3 Bg7 21. Rac1 h5 22.
Qxa7 Bh6 23. e3 Nh4 24. Qa8+ Qb8 25. Qxb8+ Kxb8 26. Rxd6 Nf5 27. Rd3 Bxb3 28. Be4 Ne7 29. Rd7 Re8 30. Rb1 Kc8 31. Rxe7 Rxe7 32. Rxb3 Bg7 33.
Bf5+ Kc7 34. Kg2 Re5 35. Bd3 Rc5 36. Ne4 Ra5 37. Rb4 c5 38. Rc4 Kc6 39. Ng5 f6 40. Ne6 Bh6 41. Be4+ Kd6 42. Nd8 1-0

[Event "*** Titled Tuesday Blitz"]
[Site "Chess.com"]
[Date "2020.10.20"]
[Round "6"]
[White "Olga_Zhuravleva"]
[Black "Grieve72"]
[Result "0-1"]
[WhiteElo "2323"]
[BlackElo "2445"]
[TimeControl "180+1"]
[EndTime "11:08:09 PDT"]
[Termination "Grieve72 won by resignation"]

1. e4 e5 2. Nf3 Nc6 3. Bc4 Nf6 4. Ng5 d5 5. exd5 Na5 6. Bb5+ c6 7. dxc6 bxc6 8. Be2 Bd6 9. d3 O-O 10. O-O c5 11. Nc3 h6 12. Nge4 Bb7 13. Bf3 Nc6 14.
Be3 Qe7 15. Nb5 Nxe4 16. Bxe4 f5 17. Bd5+ Kh8 18. f4 exf4 19. Bxf4 Bxf4 20. Rxf4 Qe5 21.
Qf3 Qxb2 22. Bxc6 Qxa1+ 23. Kf2 Rae8 24. g3 Qe1+ 25. Kg2 Qd2+ 26. Kh3 Re2 27. g4 fxg4+ 28. Qxg4 Rxf4 0-1

[Event "*** Titled Tuesday Blitz"]
[Site "Chess.com"]
[Date "2020.10.20"]
[Round "6"]
[White "krasavetc"]
[Black "pedromartinez91"]
[Result "0-1"]
[WhiteElo "2331"]
[BlackElo "2487"]
[TimeControl "180+1"]
[EndTime "11:08:10 PDT"]
[Termination "pedromartinez91 won by resignation"]

1. e4 c5 2. Nf3 Nc6 3. c3 Qa5 4. Bc4 e6 5. O-O b5 6. Be2 Nf6 7. e5 Nd5 8. d4 cxd4 9. cxd4 Be7 10. Nc3 Nxc3 11. bxc3 Qxc3 12. Bd2 Qa3 13. Bxb5 Ba6 14.
Rb1 O-O 15. Qe2 Bxb5 16. Rxb5 Rab8 17. Rfb1 Qxa2 18. Rxb8 Rxb8 19. Rxb8+ Nxb8 20. Qb5 Nc6 21. Qb7 Qd5 22. h3 h6 23. Qc8+ Bf8 24. Bc1 a5 25. Kh2 Nxd4 26. Nxd4 Qxd4 27. Ba3 Qxe5+ 28. g3 d6 29. Qb8 Qd5 30. h4 h5 31. Qd8 a4 32. Qe8 Qd3 33. Qxa4 Qf3 34. Qd4 Qxa3 0-1

[Event "*** Titled Tuesday Blitz"]
[Site "Chess.com"]
[Date "2020.10.20"]
[Round "6"]
[White "MF1966Idrisov"]
[Black "Sokoloco"]
[Result "0-1"]
[WhiteElo "2333"]
[BlackElo "2468"]
[TimeControl "180+1"]
[EndTime "11:08:12 PDT"]
[Termination "Sokoloco won by resignation"]

1. Nf3 g6 2. d4 Bg7 3. Bf4 d6 4. e3 Nf6 5. h3 Nbd7 6. Be2 b6 7.
O-O Bb7 8. c4 O-O 9. Nc3 a5 10.
Re1 Re8 11. Qd2 e5 12. Bg3 Qe7 13. Rad1 Rad8 14. b3 Nh5 15. Bh4 f6 16. Nd5 Bxd5 17. cxd5 g5 18. Bg3 Nxg3 19. fxg3 exd4 20. Nxd4 Qxe3+ 21. Qxe3 Rxe3 22. Ne6 Rc8 23. Bg4 Rxe1+ 24. Rxe1 Ne5 25. Nxg7 Nxg4 26. Re7 Ne5 27. Nh5 Rf8 28. Rxc7 Rf7 29. Rc8+ Rf8 30. Rxf8+ Kxf8 31. Nxf6 h6 32. g4 Nd3 33. Ne4 Ke7 34. Nd2 Nb4 35. Kf2 Nxd5 36.
Ke2 Nc3+ 37. Kd3 Nxa2 38. Ke4 Ke6 39. Nf3 Nc1 40. Nd4+ Kd7 41. Nf5 Nxb3 42. Nxh6 a4 43. Kd3 a3 44. Kc3 a2 0-1

[Event "*** Titled Tuesday Blitz"]
[Site "Chess.com"]
[Date "2020.10.20"]
[Round "6"]
[White "Maksimus1998"]
[Black "Ariadna_Atreides"]
[Result "1-0"]
[WhiteElo "2605"]
[BlackElo "2063"]
[TimeControl "180+1"]
[EndTime "11:08:14 PDT"]
[Termination "Maksimus1998 won on time"]

1. e4 c5 2. Nf3 d6 3. Nc3 Nc6 4. d4 cxd4 5. Nxd4 Nf6 6. Be2 e5 7. Nf3 Be7 8. O-O O-O 9. Bg5 Be6 10. Re1 Qd7 11. Nd2 Nd4 12. Nf1 d5 13. Bxf6 Bxf6 14.
exd5 Bxd5 15. Nxd5 Qxd5 16. c3 Nxe2+ 17. Qxe2 Rad8 18.
Ne3 Qc6 19. Ng4 Rfe8 20. Rad1 Rxd1 21. Rxd1 h6 22. h3 e4 23. Nxf6+ Qxf6 24. Rd7 Qc6 25. Qd2 a6 26. Qd5 Qxd5 27. Rxd5 Kf8 28. Kf1 g6 29. g4 Kg7 30. Ke2 Kf6 31. Ke3 Re6 32. a4 b6 33. h4 a5 34. g5+ hxg5 35. hxg5+ Ke7 36. Rd4 f5 37. gxf6+ Kxf6 38. Rxe4 Rc6 39.
Rd4 Kf5 40. f3 Re6+ 41. Re4 Rd6 42. Rf4+ Ke5 43. Rf8 Rd1 44. Rb8 Rd6 45. Rf8 Ke6 46. f4 1-0

[Event "*** Titled Tuesday Blitz"]
[Site "Chess.com"]
[Date "2020.10.20"]
[Round "6"]
[White "GelmanAlexander"]
[Black "Sergey85Rodchenkov"]
[Result "1-0"]
[WhiteElo "2598"]
[BlackElo "2420"]
[TimeControl "180+1"]
[EndTime "11:08:16 PDT"]
[Termination "GelmanAlexander won on time"]

1. d4 Nf6 2. Nc3 c5 3. d5 d6 4. e4 g6 5. Nf3 Bg7 6. Bc4 O-O 7. O-O Na6 8. h3 Nc7 9. a4 Rb8 10. Re1 a6 11. a5 b5 12. axb6 Rxb6 13. Ra2 Nb5 14. Na4 Rb8 15. c3 Nd7 16. Bf4 Nb6 17.
Nxb6 Qxb6 18. e5 Bb7 19. Qd2 Rbd8 20. e6 f5 21. Bh6 Nc7 22. Bxg7 Kxg7 23. h4 h6 24. h5 gxh5 25. Nh4 Rf6 26. Re3 Kh8 27. Rg3 Rg8 28. Rxg8+ Kxg8 29. Ra1 Ne8 30. Re1 Ng7 31. Re3 f4 32. Rf3 a5 33. Rxf4 Rxf4 34. Qxf4 Qd8 35. Qf7+ Kh8 36. Ng6+ Kh7 37. Nxe7 Qe8 38. Bd3+ Kh8 39.
Ng6+ Kh7 40. Qxb7 1-0